 Dungeon Sprint DCSS version 0.25-a0-41-g6cf4ce537d (webtiles) character file.

Game seed: 6796363676017878806, levelgen mode: deterministic

5118 GordonOverkill the Severer (level 10, -7/107 HPs)
             Began as a Minotaur Berserker on Oct 21, 2019.
             Was a High Priest of Trog.
             Mangled by Sonja
             ... wielding a +2 short sword of distortion
              (18 damage)
             ... in the Dungeon (Sprint I: "Red Sonja").
             The game lasted 00:04:56 (1997 turns).

GordonOverkill the Severer (Minotaur Berserker)     Turns: 1997, Time: 00:04:57

Health: -7/107     AC:  7    Str: 24    XL:     10   Next: 32%
Magic:  3/3        EV: 17    Int:  4    God:    Trog [*****.]
Gold:   460        SH:  0    Dex: 11    Spells: 9/9 levels left

rFire    . . .     SeeInvis .   n - +1 battleaxe (antimagic)
rCold    . . .     Gourm    .   (shield currently unavailable)
rNeg     . . .     Faith    .   j - +0 leather armour
rPois    .         Spirit   .   (helmet restricted)
rElec    .         Reflect  .   (no cloak)
rCorr    .         Harm     .   (no gloves)
MR       ++...     NoTele   +   c - +2 pair of boots
Stlth    +.........             (no amulet)
HPRegen  1.27/turn              (no ring)
MPRegen  0.08/turn              (no ring)

@: lethally poisoned (-7 -> -11), regenerating, slowed, very slow
A: retaliatory headbutt, horns 2
a: Berserk, Trog's Hand, Brothers in Arms, Renounce Religion


You were in the Dungeon.
You worshipped Trog.
Trog was extremely pleased with you.
You were not hungry.

You visited 1 branch You collected 560 gold pieces.
You spent 100 gold pieces at shops.

Inventory:

Hand Weapons
 b - a +0 flail
 n - a +1 antimagic battleaxe (weapon)
Missiles
 l - 14 stones (quivered)
Armour
 c - a +2 pair of boots (worn)
 j - a +0 leather armour (worn)
Scrolls
 i - a scroll of blinking
 k - a scroll of remove curse {unknown}
Potions
 d - a potion of curing
 e - 2 potions of heal wounds
 f - a potion of haste
 g - 2 potions of magic
 h - a potion of berserk rage


   Skills:
 + Level 15.7 Fighting
 + Level 18.5 Axes
 - Level 10.1 Armour
 - Level 10.4 Dodging


You had 9 spell levels left.
You didn't know any spells.
Your spell library was empty.

Dungeon Overview and Level Annotations

Branches:
Dungeon (1/1)

Altars:
Cheibriados
Dithmenos
Elyvilon
Fedhas
Gozag
Hepliaklqana
Kikubaaqudgha
Makhleb
Nemelex Xobeh
Okawaru
Qazlal
Ru
Sif Muna
Trog
Uskayaw
Vehumet
Wu Jian
Xom
Yredelemnul
Zin
The Shining One
Jiyva
Lugonu

Shops:
D %

Annotations:
D Sonja


Innate Abilities, Weirdness & Mutations

You reflexively headbutt those who attack you in melee.
You have a pair of horns on your head.


Message History

As you close the door, pushing everything out of the way, it creaks loudly!
You feel very sick.
Sonja opens the door.
Your deep troll goes berserk!
You feel quite a bit more hungry.
You feel very sick. Sonja hits you but does no damage. Sonja misses you.
Sonja hits you with a +2 short sword of distortion.
* * * LOW HITPOINT WARNING * * *
Space bends around you.
* * * LOW HITPOINT WARNING * * *
You closely miss Sonja. Your headbutt misses Sonja.
Sonja is heavily wounded.
You feel very sick.
Sonja hits you with a +2 short sword of distortion.
* * * LOW HITPOINT WARNING * * *
Space bends around you.
* * * LOW HITPOINT WARNING * * *
Sonja hits you but does no damage. x2; Space warps horribly around you!!
You die...

#..'[.#..').#..'..'..#)§.##'#
#..#####'#####'#__####.§.§§§#
#..####..#...#.#### #####.§§
#..#__####..##.# ##+##
#..#_____##'#_.+ #....
#⌠⌠#_.∩...'..._# #^°.^
####_..__##_(#'# ###..
#_____###K#.# #.° #######
#@### #.° +$.$+ #°° #T.$# ##+
##.## #+#


You could see Sonja and a friendly deep troll (berserk).

Vanquished Creatures
  A lindwurm (D)
  A gargoyle (D)
  2 kobold demonologists (D)
  4 demonic crawlers (D)
  A slime creature (D)
  Sigmund (D)
  A yak (D)
  13 hogs (D)
  A floating eye (D)
  An ogre (D)
  A jelly (D)
  Ijyb (D)
28 creatures vanquished.

Vanquished Creatures (collateral kills)
  A hydra (D)
  A floating eye (D)
2 creatures vanquished.

Vanquished Creatures (others)
  A gargoyle (D)
1 creature vanquished.

Grand Total: 31 creatures vanquished

Notes
Turn   | Place    | Note
-------+----------+-------------------------------------------
     0 | D        | GordonOverkill the Minotaur Berserker began the quest for
                  | the Orb.
     0 | D        | Reached XP level 1. HP: 19/19 MP: 0/0
     1 | D        | Noticed Ijyb
    11 | D        | Killed Ijyb
    11 | D        | Reached skill level 5 in Fighting
    11 | D        | Reached skill level 5 in Axes
    11 | D        | Reached XP level 2. HP: 24/29 MP: 1/1
   240 | D        | Noticed an ogre
   243 | D        | Killed an ogre
   243 | D        | Reached skill level 6 in Axes
   243 | D        | Reached skill level 5 in Armour
   243 | D        | Reached skill level 5 in Dodging
   243 | D        | Reached XP level 3. HP: 38/38 MP: 2/2
   243 | D        | Reached XP level 4. HP: 45/45 MP: 3/3
   275 | D        | Noticed Sigmund
   279 | D        | Killed Sigmund
   279 | D        | Reached ** piety under Trog
   279 | D        | Reached skill level 8 in Axes
   279 | D        | Reached XP level 5. HP: 53/53 MP: 4/4
   328 | D        | Found a shimmering blue altar of Sif Muna.
   329 | D        | Found an ornate altar of the Wu Jian Council.
   330 | D        | Found a radiant altar of Vehumet.
   335 | D        | Reached XP level 6. HP: 35/62 MP: 5/5
   483 | D        | Found Fyziz's Food Emporium.
   483 | D        | Found an ancient bone altar of Kikubaaqudgha.
   483 | D        | Found a hazy altar of Hepliaklqana.
   483 | D        | Found a stormy altar of Qazlal.
   483 | D        | Found a hide-covered altar of Uskayaw.
   483 | D        | Found a blossoming altar of Fedhas.
   483 | D        | Found a bloodstained altar of Trog.
   483 | D        | Found an iron altar of Okawaru.
   483 | D        | Found a basalt altar of Yredelemnul.
   483 | D        | Found a glowing golden altar of the Shining One.
   483 | D        | Found a snail-covered altar of Cheibriados.
   483 | D        | Found a sacrificial altar of Ru.
   483 | D        | Found a glowing silver altar of Zin.
   483 | D        | Found a shadowy altar of Dithmenos.
   483 | D        | Found a white marble altar of Elyvilon.
   483 | D        | Noticed a yak
   488 | D        | Killed a yak
   488 | D        | Reached skill level 9 in Axes
   489 | D        | Found an opulent altar of Gozag.
   506 | D        | Found a sparkling altar of Nemelex Xobeh.
   534 | D        | Bought a ration for 50 gold pieces
   546 | D        | Found a viscous altar of Jiyva.
   546 | D        | Found a corrupted altar of Lugonu.
   546 | D        | Noticed a slime creature
   547 | D        | Found a burning altar of Makhleb.
   547 | D        | Found a shimmering altar of Xom.
   558 | D        | Killed a slime creature
   558 | D        | Reached *** piety under Trog
   558 | D        | Reached skill level 10 in Fighting
   558 | D        | Reached skill level 10 in Axes
   558 | D        | Reached XP level 7. HP: 30/72 MP: 6/6
   803 | D        | Noticed a kobold demonologist
   803 | D        | Noticed a kobold demonologist
   805 | D        | Killed a gargoyle
   806 | D        | Reached skill level 10 in Armour
   810 | D        | Noticed an orange demon
   814 | D        | Killed a kobold demonologist
   814 | D        | Reached skill level 11 in Axes
   814 | D        | Reached skill level 10 in Dodging
   816 | D        | Killed a kobold demonologist
   816 | D        | Reached **** piety under Trog
   816 | D        | Reached skill level 13 in Axes
   816 | D        | Reached XP level 8. HP: 79/79 MP: 7/7
   854 | D        | Noticed a demonic crawler
   854 | D        | Noticed a demonic crawler
   854 | D        | Noticed a demonic crawler
   854 | D        | Noticed a demonic crawler
   862 | D        | Killed a demonic crawler
   862 | D        | Reached skill level 14 in Axes
   868 | D        | Killed a demonic crawler
   868 | D        | Reached skill level 15 in Axes
   871 | D        | HP: 5/118 [demonic crawler (1)]
   872 | D        | Killed a demonic crawler
   872 | D        | Reached skill level 16 in Axes
   875 | D        | Killed a demonic crawler
   875 | D        | Reached ***** piety under Trog
   875 | D        | Reached XP level 9. HP: 5/85 MP: 8/8
  1210 | D        | Noticed a gargoyle
  1219 | D        | Killed a gargoyle
  1219 | D        | Reached skill level 17 in Axes
  1349 | D        | Noticed a lindwurm
  1354 | D        | Killed a lindwurm
  1354 | D        | Reached skill level 18 in Axes
  1461 | D        | Reached ****** piety under Trog
  1461 | D        | Received a gift from Trog
  1463 | D        | Reached XP level 10. HP: 101/101 MP: 9/9
  1474 | D        | Received a gift from Trog
  1476 | D        | Reached skill level 15 in Fighting
  1559 | D        | Noticed a 12-headed hydra
  1573 | D        | Killed a 12-headed hydra
  1976 | D        | Bought a ration for 50 gold pieces
  1988 | D        | Noticed Sonja
  1997 | D        | Mangled by Sonja

Levels and vault maps discovered:
D:        dungeon_sprint_1 [red_sonja_temple_1, red_sonja_temple_small_1]

Skill      XL: |  1  2  3  4  5  6  7  8  9 10 |
---------------+-------------------------------+-----
Fighting       | 5 6 8 10 13 15 | 15.7
Axes           | 5 6 8 10 13 16 18 | 18.5
Armour         | 4 5 7 8 9 10 | 10.1
Dodging        | 3 5 7 8 10 | 10.4

Action                   |  1- 3 |  4- 6 |  7- 9 | 10-12 || total
-------------------------+-------+-------+-------+-------++-------
Melee: Hand axe          |    10 |    21 |    54 |    13 ||    98
       Headbutt          |     2 |     6 |    17 |     2 ||    27
       Battleaxe         |       |       |       |     2 ||     2
Invok: Berserk           |     2 |     3 |     5 |       ||    10
       Brothers in Arms  |       |       |       |     2 ||     2
       Trog's Hand       |       |       |       |     1 ||     1
  Eat: Chunk             |       |     1 |     2 |     2 ||     5
       Ration            |       |     1 |     1 |     1 ||     3
Armor: Animal skin       |     1 |       |       |       ||     1
       Leather armour    |       |       |     7 |     9 ||    16
Dodge: Dodged            |     5 |     6 |    42 |    27 ||    80

Table legend:
 A = Non-vault XP
 B = Vault XP
 C = Vault XP percentage of total XP
 D = Non-vault monster count
 E = Vault monster count
 F = Vault count percentage of total count
                 A         B        C        D         E       F
            +---------+---------+-------+---------+---------+-------
      Total |       0 |    7312 | 100.0 |       0 |      30 | 100.0
            +---------+---------+-------+---------+---------+-------
          D |       0 |    7312 | 100.0 |       0 |      30 | 100.0
            +---------+---------+-------+---------+---------+-------
